[Event "TUR-ch U13-18 Open 2023"]
[Site "Antalya"]
[Date "2023.01.23"]
[Round "2"]
[White "Yildirim, Kemal"]
[Black "Gokcek, Kursat Bugra"]
[Result "1/2-1/2"]
[ECO "B27"]
[WhiteElo "1804"]
[BlackElo "2116"]
[Annotator "TA"]
[PlyCount "195"]
[EventDate "2023.01.17"]
[EventType "swiss"]
[EventCountry "TUR"]
[SourceTitle "playchess.com"]
[Source "ChessBase"]
[SourceQuality "1"]
[TimeControl "5400+30"]

1. e4 c5 2. Nf3 g6 3. c3 Bg7 4. d4 cxd4 5. cxd4 d5 6. e5 a6 {[%emt 0:01:30] Black is weak on the dark squares. B27: Sicilian: 2 Nf3, unusual Black 2nd moves.} 7. h3 Nc6 8. Nc3 f6 9. Bf4 fxe5 10. Nxe5 {[%emt 0:07:30] [#]} (10. dxe5 {is more appropriate.} e6 11. Qd2) 10... Qb6 $146 (10... Nh6 $11) ({Predecessor:} 10... Nf6 11. Nxc6 bxc6 12. Be5 O-O 13. Be2 Nd7 14. Bxg7 Kxg7 15. O-O e5 16. dxe5 Nxe5 {0-1 Piesik,P (2420)-Galchenko,M (2442) Titled Tuesday intern op 06th Dec Early blitz 2022 (10)}) 11. Nxd5 $16 Qa5+ 12. Nc3 {[%emt 0:00:30] White has more active pieces.} Nxe5 13. dxe5 {[%emt 0:00:00] Black must now prevent Qb3.} Bxe5 {[%emt 0:00:30] [#]} (13... Be6 $16) 14. Bb5+ $1 $18 axb5 15. Bxe5 Nf6 16. Bxf6 exf6 17. O-O O-O 18. Qd5+ Kg7 19. Rfe1 b4 $2 (19... Rf7 $16 {was worth a try.}) 20. Re7+ Kh8 21. Nb5 {[%emt 0:05:30] Hoping for Rc1.} Qd8 {[%emt 0:06:30] [#]} 22. Qxd8 (22. Qc5 $1 $18 {is the precise move to win.}) 22... Rxd8 $16 23. Rc1 Bf5 (23... Rxa2 $2 24. Nd6 $18) 24. Rcc7 {[%emt 0:01:27] Prevents Rd7. g4 is the strong threat.} g5 25. Rxb7 Rdb8 26. Nd6 Rxb7 27. Rxb7 {[%emt 0:00:06][%mdl 4096] Endgame KRB-KRN} Bg6 28. Rxb4 Rxa2 29. Rb7 Ra1+ 30. Kh2 Kg8 31. b4 h5 $2 (31... Ra6 $14) 32. b5 $18 Rd1 33. Nc4 {[%emt 0:03:48] Threatens to win with b6.} Kf8 (33... Bf7 {was called for.}) 34. b6 {[%emt 0:01:32] And now Rc7 would win.} Rb1 35. Rc7 {[%emt 0:00:52] Strongly threatening b7.} Bd3 36. b7 Bxc4 {[%emt 0:00:30] KRB-KR} 37. Rc8+ (37. Rxc4 Rxb7 38. h4 Kg7 $11) 37... Kg7 38. b8=Q (38. b8=B Be6 39. Rd8 Kg6 $15) 38... Rxb8 39. Rxb8 {[%emt 0:00:00] KR-KB} Kg6 $2 (39... h4 40. g3 hxg3+ 41. Kxg3 Be2) 40. Rb4 Bd3 41. Rd4 Be2 42. h4 Kf5 43. Kg3 Ke5 {[%emt 0:00:30] Repels Rd5+} 44. Rd8 Kf5 45. Ra8 (45. hxg5 $142 Kxg5 46. Rg8+ Kh6 47. Kf4) 45... Bf1 46. Ra1 (46. Ra5+ $142 Kg6 47. hxg5) 46... Be2 47. Ra2 (47. Ra5+ $142 Kg6 48. hxg5 fxg5 49. f4 gxf4+ 50. Kxf4 Bf1 51. Ra1 Bd3 52. Rd1) 47... Bf1 48. Ra4 Be2 49. Rb4 (49. Ra5+ $142 Kg6 50. hxg5 fxg5 51. f4 gxf4+ 52. Kxf4 Bc4 53. Rc5 Bf1 54. Rc1) 49... Ke5 50. Ra4 Kf5 $1 51. Ra1 (51. Ra5+ $142 Kg6 52. hxg5 fxg5 53. f4 gxf4+ 54. Kxf4 Kh6 55. Ra1 Kg6 56. Re1) 51... Bd3 52. Ra5+ Kg6 53. Rd5 (53. hxg5 $142 fxg5 54. f4 h4+ 55. Kf3) 53... Be4 54. Rd4 Kf5 55. Ra4 $2 (55. f3 Bc6 56. Kf2) 55... Bb7 (55... g4 56. Ra5+ Kg6) 56. Ra5+ (56. hxg5 $142 fxg5 57. Ra5+ Kf6 58. f3) 56... Kg6 57. Rb5 $2 (57. hxg5 fxg5 58. Rc5) 57... Be4 $2 (57... Bc8 $18 58. Rb6 Kf5) 58. hxg5 fxg5 59. f4 h4+ 60. Kg4 gxf4 61. Kxf4 ({Weaker is} 61. Kxh4 f3 62. Rb6+ Kf7 63. gxf3 Bxf3 $11) 61... Bd3 62. Rb3 Bf1 63. Rb2 h3 {[%emt 0:00:18] [#]} 64. g4 $1 Bg2 65. Rb6+ Kg7 66. Kg3 Bf1 67. Rc6 Bg2 68. Rd6 Kh7 69. Re6 Kg7 70. Ra6 Kh7 71. g5 Kg7 72. Rh6 Bf1 73. Kf4 Kf7 74. Ke4 Kg7 75. Kf5 Bd3+ 76. Kg4 Bf1 77. Rb6 Bg2 78. Rh6 Bf1 $1 79. Kf4 Kf7 80. Rf6+ Kg7 81. Kg3 Bg2 82. Rd6 (82. Re6 $18 Kf7 83. Rd6) 82... Kf7 83. Rh6 Kg7 84. Rxh3 $2 ({White must play} 84. Kf2 $18 Kf7 85. Ke3) 84... Bxh3 $11 {[%emt 0:00:11] The position is equal.} 85. Kxh3 $18 {[%emt 0:00:28] KP-K} Kg6 86. Kh4 Kg7 87. Kh5 Kh7 88. Kg4 Kg6 89. Kf4 Kg7 90. Kf5 Kf7 91. g6+ Kg7 92. Kg5 Kg8 93. Kf6 {[%emt 0:00:00] White wants to mate with g7.} (93. Kh6 $5 Kh8 $8 94. Kh5 $11) 93... Kf8 94. Kf5 Kg7 95. Kg5 Kg8 96. Kh6 Kh8 97. g7+ Kg8 98. Kg6 $1 {[%emt 0:00:00] Black defended with fortune.   Weighted Error Value: White=0.75/Black=0.89} 1/2-1/2

[Event "TUR-ch U13-18 Open 2023"]
[Site "Antalya"]
[Date "2023.01.23"]
[Round "2"]
[White "Avsar, Gediz"]
[Black "Yeltekin, Atalay Uras"]
[Result "1-0"]
[ECO "B52"]
[WhiteElo "1748"]
[BlackElo "1361"]
[Annotator "NA RC COMBH"]
[PlyCount "41"]
[EventDate "2023.01.17"]
[EventType "swiss"]
[EventCountry "TUR"]
[SourceTitle "playchess.com"]
[Source "ChessBase"]
[SourceQuality "1"]
[TimeControl "5400+30"]

1. e4 c5 2. Nf3 d6 3. Bb5+ Bd7 4. Bxd7+ Nxd7 5. O-O g6 6. c3 Bg7 7. d4 cxd4 8. cxd4 e5 9. Nc3 a6 10. Bg5 f6 11. Be3 Ne7 12. Qb3 b5 13. Rfd1 Nf8 14. dxe5 fxe5 15. Ng5 Kd7 16. Nf7 Qb8 17. Rxd6+ Kc7 18. Nd5+ Nxd5 19. Rc1+ Nc3 20. Rxc3+ Kb7 21. Qd5# 1-0

[Event "TUR-ch U13-18 Open 2023"]
[Site "Antalya"]
[Date "2023.01.23"]
[Round "2"]
[White "Koseoglu, Omer Umut"]
[Black "Engin, Onur Cinar"]
[Result "1/2-1/2"]
[ECO "E24"]
[WhiteElo "1601"]
[BlackElo "1990"]
[Annotator "TA"]
[PlyCount "70"]
[EventDate "2023.01.17"]
[EventType "swiss"]
[EventCountry "TUR"]
[SourceTitle "playchess.com"]
[Source "ChessBase"]
[SourceQuality "1"]
[TimeControl "5400+30"]

1. d4 e6 2. c4 Nf6 3. Nc3 Bb4 4. Qc2 c5 5. a3 Bxc3+ 6. bxc3 Nc6 7. Nf3 d6 8. e4 e5 {[%emt 0:05:30] E24: Nimzo-Indian: Sämisch: Unusual Black 5th moves and 5...c5 sidelines.} 9. d5 Na5 10. Bg5 b6 11. Bd3 h6 12. Bh4 {[%emt 0:00:30] [#]} Rg8 $146 (12... g5 $5 13. Bg3 Nh5 $11) ({Predecessor:} 12... Bg4 13. Nd2 g5 14. Bg3 Bd7 15. a4 Nh5 16. Nb3 Nf4 17. Bxf4 gxf4 18. Nxa5 bxa5 {1-0 Airapetian,N-Panko,A (2126) RUS-ch Seniors 2009 (7)}) 13. Bxf6 Qxf6 14. Nd2 g5 15. Nf1 Kd8 16. Ne3 Kc7 17. Qe2 Bd7 18. Rb1 {[%emt 0:02:30] [#]} h5 $1 19. Kd2 (19. Qxh5 $2 {too greedy.} g4 20. h3 Rg5 21. hxg4 Rxh5 22. Rxh5 Qf4 $19) (19. f3 g4) 19... g4 20. g3 Qg5 21. f4 exf4 $17 22. gxf4 Qxf4 23. Rhf1 Qe5 24. Rxf7 Raf8 25. Rbf1 Rxf7 26. Rxf7 {[%emt 0:00:30] [#]} Rg7 $1 27. Rxg7 Qxg7 28. Qf2 {[%emt 0:00:00] [#]} Qe5 {[%emt 0:03:16] Prevents Qf4.} (28... Qg5 $1 $19 29. Kc2 h4) 29. Qg3 Qg5 30. h4 Qf6 {[%emt 0:01:36] And now ...Nb3+ would win.} 31. Nf5 $2 (31. Ng2 $17 {is a better defense.}) 31... Nb7 $2 (31... Nb3+ $19 32. Kc2 Ba4) 32. Qf4 $1 $15 Bxf5 {[%emt 0:02:09] The position is equal.} 33. exf5 {[%emt 0:00:42] Hoping for Qg5.} Nd8 {[%emt 0:04:48] ...Nf7 is the strong threat.} (33... Qxh4 $2 34. f6 Nd8 35. f7 Nxf7 36. Qxf7+ Kd8 37. Bf5 Qg5+ 38. Kd3 $18) 34. Qg5 $1 Qe5 35. f6 {[%emt 0:01:01] aiming for Qxe5.} Qh2+ $1 {[%emt 0:00:06] Weighted Error Value: White=0.15 (very precise) /Black=0.19 (very precise)} 1/2-1/2

[Event "TUR-ch U13-18 Open 2023"]
[Site "Antalya"]
[Date "2023.01.23"]
[Round "2"]
[White "Gebes, Ata"]
[Black "Deveci, Huseyin Said"]
[Result "0-1"]
[ECO "B26"]
[WhiteElo "1562"]
[BlackElo "1987"]
[Annotator "TA"]
[PlyCount "138"]
[EventDate "2023.01.17"]
[EventType "swiss"]
[EventCountry "TUR"]
[SourceTitle "playchess.com"]
[Source "ChessBase"]
[SourceQuality "1"]
[TimeControl "5400+30"]

1. e4 c5 2. Nc3 e6 3. g3 Nc6 4. Bg2 g6 5. Nge2 Bg7 6. d3 Nge7 7. Be3 Nd4 8. O-O O-O 9. Qd2 d6 10. Nd1 Rb8 11. c3 Nxe2+ 12. Qxe2 b5 13. f4 Qc7 {[%emt 0:07:30] B26: Closed Sicilian: 3 g3, lines with early Be3.} 14. Rc1 Ba6 15. b4 {[%emt 0:06:30] [#]} cxb4 $146 {[%emt 0:21:30] The position is equal.} ({Predecessor:} 15... Rbc8 16. Bd2 Bb7 17. Nf2 a5 18. Be3 f5 19. e5 Bxg2 20. Kxg2 Qb7+ 21. Kg1 Nd5 22. exd6 Nxc3 23. Rxc3 Bxc3 24. bxc5 Qd5 25. d4 b4 26. Nh3 Bxd4 {0-1 Hansen,A (1986)-Modestov,B (2300) Serpukhov-B 2004 (9)}) 16. cxb4 Qd7 17. d4 Rfc8 18. Nb2 Bb7 19. Bf2 h5 20. h3 Bh6 21. Qd3 a6 22. a3 Qd8 23. d5 (23. Qe3 $11) 23... exd5 $17 24. exd5 Bg7 25. Rxc8 Rxc8 26. Nd1 Qd7 27. Re1 Rc4 28. Kh2 h4 29. Re4 ({White should play} 29. Ne3 Rc3 30. Qe2) 29... hxg3+ (29... Bxd5 30. Rxe7 Qxe7 31. Bxd5 (31. Qxd5 hxg3+ 32. Bxg3 Bd4 $11) 31... hxg3+ 32. Kxg3 $14 (32. Qxg3 Rxf4 33. Kg1 Rf5 $15)) 30. Bxg3 Rc8 {[%emt 0:01:20] Black is more active.} ({Much worse is} 30... Bxd5 $6 31. Rxe7 Qxe7 32. Qxd5 $11 (32. Bxd5 Rd4 $11)) 31. Re1 Nf5 32. Be4 (32. Bf2 $17 {might work better.}) 32... Nxg3 $19 33. Qxg3 Qd8 {[%emt 0:00:20] Dodges Qh4} 34. Qf3 (34. Kg2 $142) 34... Qh4 35. Qg3 Qf6 36. Nf2 Rc3 37. Re3 {[%emt 0:00:04] [#]} Rxe3 $1 38. Qxe3 {[%emt 0:00:30] [#]} Qb2 $1 {[%emt 0:00:00] Strongly threatening ...Bd4.} 39. Kg3 Bd4 {[%emt 0:00:29] A strong pair of Bishops.} 40. Nd1 Qa1 {[%emt 0:00:30] White is weak on the dark squares} 41. Qd3 Kg7 42. Bf3 Bf6 43. Qe3 (43. h4 $17) 43... Qa2 44. Nf2 Bxd5 45. Bxd5 $2 (45. Ne4 {was called for.}) 45... Qxd5 46. Qd3 Qxd3+ 47. Nxd3 {[%emt 0:00:04][%mdl 4096] Endgame KB-KN} Bd4 {[%emt 0:00:00] aiming for ...f5.} 48. Kf3 $2 (48. f5) 48... f5 49. Ne1 Kf6 50. Ke2 Ke6 51. Kd3 Kd5 {[%emt 0:00:07] ...Bb2 would be deadly.} 52. Nf3 $2 (52. Ng2) 52... Bb2 53. Nh4 Bxa3 54. Nxg6 Bxb4 55. Ne7+ Ke6 56. Nc6 Bc5 57. h4 Kf6 58. h5 Kg7 {[%emt 0:01:03] ...Kh6 is the strong threat.} 59. Ne7 Kh6 60. Nxf5+ Kxh5 {[%emt 0:00:00] ( -> ...a5)} 61. Ke4 Kg6 (61... a5 $142 62. Ng3+ Kg4 63. Nf1 a4 64. f5 Kg5 65. Nd2 Kf6 66. Nf1 b4 67. Kd5 b3 68. Kc4 d5+ 69. Kd3 Kxf5 70. Nd2 Kf4 71. Nf1 Bb4 72. Ne3 Ke5 73. Ng4+ Kf5 74. Nh2 Kf4 75. Nf1 a3 76. Ne3 Ke5 77. Ng4+ Ke6 78. Ke3 b2 79. Nh2 b1=Q 80. Kf3 a2 81. Kg2 Qg6+ 82. Kh3 a1=Q 83. Nf3 Qf1+ 84. Kh4 Qh1+ 85. Nh2 Qxh2#) 62. Ne7+ Kf7 63. Nd5 a5 (63... b4 $142 64. f5 a5 65. Kd3 a4 66. Kc2 b3+ 67. Kb2 Bf2 68. Ka3 Bd4 69. Nc7 Bc5+ 70. Kb2 Kf6 71. Nb5 Kxf5 72. Kc3 Ke4 73. Nc7 Bd4+ 74. Kc4 b2 75. Nb5 Bc5 76. Nc3+ Ke5 77. Nb1 a3 78. Kc3 Bb4+ {[%mdl 64] Promotion} 79. Kxb4 a2 80. Nd2 b1=Q+ 81. Nxb1 axb1=Q+ 82. Kc3 Ke4 83. Kc4 Qd3+ 84. Kb4 Kd5 85. Ka5 Kc5 86. Ka4 Qg3 87. Ka5 Qa3#) 64. f5 a4 {[%emt 0:00:55] Black mates.} 65. Kd3 b4 66. Kc4 b3 67. Kc3 Kg7 ({Not} 67... Ba3 68. Nb6 $11) 68. Kb2 Kh6 69. Ne7 Kg5 {[%emt 0:00:40] Weighted Error Value: White=0.75/Black=0.18 (very precise)} 0-1

[Event "TUR-ch U13-18 Open 2023"]
[Site "Antalya"]
[Date "2023.01.23"]
[Round "2"]
[White "Yerli, Hasan"]
[Black "Celik, Ege Yigit"]
[Result "1/2-1/2"]
[ECO "B26"]
[WhiteElo "1510"]
[BlackElo "1891"]
[Annotator "NA RC COMBH"]
[PlyCount "124"]
[EventDate "2023.01.17"]
[EventType "swiss"]
[EventCountry "TUR"]
[SourceTitle "playchess.com"]
[Source "ChessBase"]
[SourceQuality "1"]
[TimeControl "5400+30"]

1. e4 c5 2. Nc3 Nc6 3. g3 g6 4. Bg2 Bg7 5. Nge2 d6 6. d3 e6 7. Be3 Nd4 8. Qd2 Ne7 9. O-O {[%emt 0:01:30] The main line 9.0-0 scores better than 9.Nd1.} O-O 10. Nd1 b6 11. c3 Nxe2+ 12. Qxe2 Bb7 13. f4 Qd7 14. Nf2 Rad8 {[%emt 0:05:30] [#]} 15. Rfd1 $1 $146 ({Predecessor:} 15. d4 Qc8 16. Rfd1 Rfe8 17. Rac1 Qa8 18. b4 cxb4 19. cxb4 Rc8 20. Qd3 Rxc1 21. Rxc1 {0-1 Frometa Castillo,Z (2205)-Ghinda,E (2225) Naleczow (Women) 1988 (6)}) 15... d5 16. d4 Qc8 (16... c4 $11) 17. dxc5 bxc5 18. Rac1 Ba6 (18... Rfe8 $11) 19. Qc2 d4 20. cxd4 cxd4 21. Qxc8 Nxc8 22. Bd2 Nb6 (22... Be2 $11 {keeps the balance.}) 23. Bb4 Rfe8 24. Bf1 ({Better is} 24. e5 $16) 24... Bxf1 25. Kxf1 e5 26. Rc6 f5 27. fxe5 Rxe5 28. exf5 Nd5 29. Bd2 Rxf5 ({Resist} 29... gxf5 30. Nd3 Re4 31. Rdc1 $14) 30. Kg2 Re8 31. Re1 Ne3+ 32. Bxe3 dxe3 33. Ng4 Ra5 34. Rxe3 Rxe3 35. Nxe3 Bxb2 36. Nc4 Rxa2 37. Rc8+ Kf7 38. Rc7+ Ke6 39. Nxb2 Rxb2+ 40. Kh3 a5 41. Rxh7 a4 42. Ra7 Rb4 43. Ra6+ Kd5 44. Rxg6 Kc4 45. Ra6 Kb3 46. g4 a3 47. g5 a2 48. g6 Kb2 49. Kg3 Rb3+ 50. Kh4 Ra3 51. Rxa3 Kxa3 52. g7 a1=Q 53. g8=Q Qf6+ 54. Qg5 $16 Qh8+ 55. Kg3 Qb8+ 56. Qf4 Qg8+ 57. Kf2 Qa2+ 58. Kf3 Qd5+ 59. Qe4 Qh5+ 60. Kg2 Qg5+ 61. Kh3 Qh5+ 62. Kg3 Qg5+ 1/2-1/2

[Event "TUR-ch U13-18 Open 2023"]
[Site "Antalya"]
[Date "2023.01.23"]
[Round "2"]
[White "Bilgin, Ali Tugrul"]
[Black "Topuz, Mirac Melih"]
[Result "0-1"]
[ECO "E74"]
[WhiteElo "1477"]
[BlackElo "2071"]
[Annotator "TA"]
[PlyCount "56"]
[EventDate "2023.01.17"]
[EventType "swiss"]
[EventCountry "TUR"]
[SourceTitle "playchess.com"]
[Source "ChessBase"]
[SourceQuality "1"]
[TimeControl "5400+30"]

1. d4 Nf6 2. c4 g6 3. Nc3 Bg7 4. e4 O-O 5. Be2 d6 6. Bg5 c5 {[%emt 0:19:30] 6...c5 scores better than 6...Na6.} 7. dxc5 Qa5 8. Qa4 $2 {[%emt 0:16:30] [#] E74: King's Indian: Averbakh Variation: 6...c5.} (8. Bd2 $1 $11) 8... Qxa4 $146 {[%emt 0:32:30][%mdl 64] Overworked Piece} ({Predecessor:} 8... Qxc5 9. Be3 Qc6 10. Qc2 Be6 11. Rc1 Bxc4 12. Bxc4 Qxc4 13. Nd5 Qxc2 14. Nxe7+ Kh8 15. Rxc2 Nxe4 {0-1 Rantanen,M-Kovacs,Z Olympiad-11 Preliminaries A 1954 (4)}) 9. Nxa4 Nxe4 10. Bxe7 {[%emt 0:38:49] Black is better.} Re8 11. cxd6 {[%emt 0:09:14] [#]} Bd7 $1 {[%emt 0:00:30] Inhibits f3.} 12. f3 Bxa4 13. fxe4 {[%emt 0:00:20] [#]} Nc6 $1 14. Bg5 Rxe4 ({Not} 14... Bxb2 15. Rb1 Bd4 16. Bf3 $15 (16. Rxb7 Reb8 $17)) 15. Rb1 {[%emt 0:02:30] Strongly threatening b3.} Nd4 ({Better is} 15... Bc2 $17 16. Rc1 Nb4) 16. b3 Bc6 17. Kf2 $1 Rae8 $36 {[%emt 0:03:30][%cal Re4e2][%mdl 2048] Black has some pressure.} (17... Nxe2 {simplifies} 18. Nxe2 Rg4 19. Be7 Rxg2+ 20. Kf1 Bf8) 18. Be7 (18. Bf3 $15 Nxf3 19. Nxf3) 18... Nf5 {[%emt 0:04:30] Black has more active pieces. The white rooks are badly placed.} 19. Nf3 {[%emt 0:00:57][%mdl 8192] [#] White does not recover from this.} (19. Bf3 $17 {is a better chance.} Bd4+ 20. Kf1) 19... Nxd6 $1 $19 20. Bxd6 {[%emt 0:00:20] Bd3 would be deadly.} Rxe2+ 21. Kg3 {[%emt 0:00:00] White is weak on the light squares} h5 {[%emt 0:01:01] And now ...g5 would win.} (21... Rxa2 $2 {loses.} 22. Rbe1 $19) 22. Rhe1 $2 (22. h4) 22... Bxf3 {[%emt 0:00:30] Black is clearly winning.} ({Weaker is} 22... Rxa2 23. Rxe8+ Bxe8 24. Rd1 $17) 23. Rxe2 Bxe2 {[%emt 0:00:30] This pair of bishops is nice.} 24. Re1 Re6 25. Bb8 a6 26. Kf2 Bd4+ 27. Kg3 Re3+ 28. Kf4 f6 {[%emt 0:02:07] Weighted Error Value: White=0.95/Black=0.10 (very precise)} 0-1

[Event "TUR-ch U13-18 Open 2023"]
[Site "Antalya"]
[Date "2023.01.23"]
[Round "2"]
[White "Arkan, Ege"]
[Black "Durucay, Uygar"]
[Result "0-1"]
[ECO "B13"]
[WhiteElo "1432"]
[BlackElo "1926"]
[Annotator "TA"]
[PlyCount "66"]
[EventDate "2023.01.17"]
[EventType "swiss"]
[EventCountry "TUR"]
[SourceTitle "playchess.com"]
[Source "ChessBase"]
[SourceQuality "1"]
[TimeControl "5400+30"]

1. e4 c6 2. d4 d5 3. exd5 cxd5 4. Bd3 Nc6 5. c3 Nf6 6. Bf4 Bg4 7. Qb3 Qd7 8. Nd2 e6 9. Ngf3 Bxf3 10. Nxf3 Bd6 11. Bxd6 Qxd6 12. O-O Rb8 {[%emt 0:00:30] B13: Caro-Kann: Exchange Variation and Panov-Botvinnik Attack.} 13. Rae1 Nd7 {[%emt 0:00:30] [#]} 14. c4 $146 (14. Re3 $14) ({Predecessor:} 14. Re3 O-O 15. Qc2 g6 16. h4 e5 17. dxe5 Ndxe5 18. Nxe5 Nxe5 19. Be2 f5 20. f4 {½-½ Martin Barcelo,C (2202)-Travesset Sagre,J (2093) Catalunya-ch U10/20 2020 (4)}) 14... dxc4 $11 {[%emt 0:01:30] Black has an edge.} 15. Bxc4 Na5 (15... Nxd4 $2 16. Nxd4 Qxd4 17. Rd1 $18) 16. Qc3 Nxc4 17. Qxc4 O-O 18. Rc1 Nb6 19. Qd3 h6 20. Rfd1 Rfd8 21. Ne5 Rbc8 {[%emt 0:03:30] [#] ...Rxc1 is the strong threat.} 22. Rxc8 Rxc8 23. h3 Qb4 24. b3 Nd5 25. Qf3 Rc7 26. Qg3 (26. Nc4 $15) 26... Qe7 ({Black should play} 26... Qa5 $17 27. a4 Rc3) 27. Rd2 Rc1+ 28. Kh2 Rc3 29. Nf3 Qb4 {[%emt 0:03:00][%cal Oc3f3] [#] White must now prevent ...Rxf3! Black is more active.} 30. Re2 Kh7 31. Qe5 Qb6 32. Qe4+ Kg8 33. Rc2 $2 (33. Ne5 $15) 33... Qc7+ {[%emt 0:00:00] Weighted Error Value: White=0.44/Black=0.08 (flawless)} 0-1

[Event "TUR-ch U13-18 Open 2023"]
[Site "Antalya"]
[Date "2023.01.23"]
[Round "2"]
[White "Ozkan, Kaan"]
[Black "Zerey, Demhat"]
[Result "0-1"]
[ECO "E72"]
[WhiteElo "1324"]
[BlackElo "1756"]
[Annotator "NA RC COMBH"]
[PlyCount "88"]
[EventDate "2023.01.17"]
[EventType "swiss"]
[EventCountry "TUR"]
[SourceTitle "playchess.com"]
[Source "ChessBase"]
[SourceQuality "1"]
[TimeControl "5400+30"]

1. d4 Nf6 2. Nf3 g6 3. c4 Bg7 4. Nc3 O-O 5. e4 d6 6. g3 e5 7. Bg2 Nc6 8. d5 Nd4 9. h3 c5 10. dxc6 bxc6 11. O-O c5 12. Bg5 h6 13. Bxf6 Qxf6 14. Nxd4 cxd4 15. Nd5 Qd8 16. b3 f5 17. exf5 Bxf5 18. f4 Rb8 19. g4 Be6 20. Qd3 Bxd5 21. Bxd5+ Kh8 22. fxe5 dxe5 23. Rxf8+ Qxf8 24. Rf1 Qd6 25. Kg2 a5 26. Be4 a4 27. Bxg6 Qa3 28. bxa4 Qxa2+ 29. Rf2 Qxa4 30. Bf7 Qb4 31. Bd5 Qd6 32. h4 Qe7 33. Qg6 Rf8 34. Ra2 Qf6 35. Qxf6 Bxf6 36. Kg3 Be7 37. Ra6 d3 38. Rxh6+ Kg7 39. Ra6 Rf1 40. Ra2 Bb4 41. Ra7+ Kf8 42. g5 d2 43. g6 Rg1+ 44. Kf2 Bc5+ 0-1

[Event "TUR-ch U13-18 Open 2023"]
[Site "Antalya"]
[Date "2023.01.23"]
[Round "2"]
[White "Tutmaz, Bugra Hamza"]
[Black "Ozgun, Yigit Deniz"]
[Result "0-1"]
[ECO "B92"]
[WhiteElo "1319"]
[BlackElo "1769"]
[Annotator "NA RC COMBH"]
[PlyCount "108"]
[EventDate "2023.01.17"]
[EventType "swiss"]
[EventCountry "TUR"]
[SourceTitle "playchess.com"]
[Source "ChessBase"]
[SourceQuality "1"]
[TimeControl "5400+30"]

1. e4 c5 2. Nf3 d6 3. d4 cxd4 4. Nxd4 Nf6 5. Nc3 a6 6. Be2 e5 7. Nb3 Be7 8. O-O O-O 9. Be3 Be6 10. Qd2 b5 11. f3 Nbd7 12. Rfd1 Nb6 13. Bg5 Nc4 14. Qc1 Rc8 15. Bxc4 bxc4 16. Nd2 Qb6+ 17. Kh1 Ng4 18. fxg4 Bxg5 19. Nxc4 Rxc4 20. Qxg5 Qxb2 21. Ne2 Rxc2 22. Rdb1 Qa3 23. Ng3 f6 24. Qh4 Rxa2 25. Rxa2 Qxa2 26. Rf1 Qd2 27. h3 d5 28. exd5 Bxd5 29. Rg1 Qf2 30. Nf5 Qxh4 31. Nxh4 Ra8 32. Nf5 Kf7 33. Rd1 Be6 34. Nd6+ Ke7 35. Ne4 a5 36. Ra1 a4 37. Ra3 Bd5 38. Nc5 Bc6 39. Nd3 Kd6 40. Nb2 Kc5 41. Rc3+ Kb5 42. Nc4 Bd5 43. Na3+ Kb4 44. Re3 Bb3 45. Nb1 Rd8 46. Kh2 a3 47. Nxa3 Kxa3 48. g5 Kb4 49. Kg3 Be6 50. gxf6 gxf6 51. Rf3 f5 52. Kh4 Kc5 53. Kg5 Rf8 54. g4 f4 0-1

[Event "TUR-ch U13-18 Open 2023"]
[Site "Antalya"]
[Date "2023.01.23"]
[Round "2"]
[White "Yogurtcuoglu, Cagan"]
[Black "Hasirci, Ozgur Deniz"]
[Result "1/2-1/2"]
[ECO "D32"]
[WhiteElo "1294"]
[BlackElo "1773"]
[Annotator "NA RC COMBH"]
[PlyCount "129"]
[EventDate "2023.01.17"]
[EventType "swiss"]
[EventCountry "TUR"]
[SourceTitle "playchess.com"]
[Source "ChessBase"]
[SourceQuality "1"]
[TimeControl "5400+30"]

1. d4 Nf6 2. c4 e6 3. Nc3 d5 4. Nf3 c5 5. cxd5 cxd4 6. Nxd4 exd5 7. e3 Nc6 8. Be2 Be7 9. O-O O-O 10. b3 Qa5 11. Bb2 Nxd4 12. Qxd4 Be6 13. a3 Qc5 14. Nb5 a6 15. Qxc5 Bxc5 16. Nd4 Ne4 17. Rfd1 Rac8 18. Bf3 Bxd4 19. Bxd4 Rc2 20. Bxe4 dxe4 21. b4 Rfc8 22. Bc5 h6 23. h4 Kh7 24. Rd4 Bf5 25. Rd5 g6 26. Rad1 Be6 27. Re5 Rc4 28. Rd4 Rxd4 29. exd4 Rd8 30. Rxe4 Rd5 31. f3 Kg7 32. Kf2 Kf6 33. g4 h5 34. Kg3 Kg7 35. Kf4 hxg4 36. fxg4 Rd8 37. Re2 Rd5 38. Rc2 Bd7 39. Ba7 Bc6 40. Re2 Rd7 41. Re8 Rd6 42. Re1 Rf6+ 43. Kg5 Rf3 44. Re7 Rxa3 45. Bb8 Rd3 46. Be5+ Kf8 47. Rc7 Ke8 48. h5 gxh5 49. gxh5 Rh3 50. Bf6 Rg3+ 51. Kh4 Rg1 52. Re7+ Kf8 53. Re3 Bd7 54. h6 Rh1+ 55. Kg5 Rg1+ 56. Kh5 Rh1+ 57. Bh4 Bf5 58. Rg3 Bg6+ 59. Kg5 Kg8 60. Rf3 Kh7 61. Rg3 Rf1 62. Rc3 Rf5+ 63. Kg4 Kxh6 64. Rc7 Rb5 65. Be7 1/2-1/2

[Event "TUR-ch U13-18 Open 2023"]
[Site "Antalya"]
[Date "2023.01.23"]
[Round "3"]
[White "Tarhan, Adar"]
[Black "Kayan, Yasar Efe"]
[Result "1-0"]
[ECO "B45"]
[WhiteElo "2321"]
[BlackElo "1720"]
[Annotator "TA"]
[PlyCount "53"]
[EventDate "2023.01.17"]
[EventType "swiss"]
[EventCountry "TUR"]
[SourceTitle "playchess.com"]
[Source "ChessBase"]
[SourceQuality "1"]
[TimeControl "5400+30"]

1. e4 c5 2. Nf3 e6 3. d4 cxd4 4. Nxd4 Nc6 5. Nc3 Nf6 6. Ndb5 Bb4 7. a3 Bxc3+ 8. Nxc3 d5 9. exd5 exd5 10. Bd3 O-O 11. O-O d4 12. Ne2 Bg4 13. f3 Bh5 14. Bg5 Qd6 {[%emt 0:02:30] B45: Sicilian Four Knights.} 15. Qd2 {[%emt 0:02:30] [#]} h6 $146 (15... Bg6 $14) ({Predecessor:} 15... Rfe8 16. Nf4 Bg6 17. Nxg6 hxg6 18. Rfe1 Qc5 19. Bh4 Qb6 20. b4 Nd5 21. Bf2 a6 {1-0 Bodnaruk,A (2459)-Gunina,V (2529) EU-Cup (Women) 20th 2015 (4.1)}) 16. Bh4 Rad8 {[%emt 0:33:30] White is better.} 17. Nf4 (17. Bg3 $16 Qe7 18. Bf2) 17... g5 $14 18. Nxh5 Nxh5 {[%emt 0:00:30] [#]} 19. Bxg5 hxg5 20. Qxg5+ Ng7 21. Qh4 {[%emt 0:01:30][%csl Gd3][%cal Rh4h7][%mdl 1024] White has compensation.} f5 {[%emt 0:00:00] Strongly threatening ...Ne5.} 22. Bc4+ Ne6 {[%emt 0:00:30] Loses the game.} ({Better is} 22... Rf7 $1 $14) 23. Rae1 Rde8 24. Qh6 $40 {[%emt 0:01:34][%mdl 128] White has strong attack.} Kf7 (24... Ncd8) 25. g4 $18 {[%emt 0:00:30] [#] Hoping for Qh7+.} f4 (25... Ne5 $18) 26. Qh7+ Kf6 27. h4 {[%emt 0:02:49] Weighted Error Value: White=0.07 (flawless) /Black=1.28} ({Stronger than} 27. Qxb7 Nc7 28. Rxe8 Rxe8 $19) (27. g5+ $142 Kxg5 28. Kf2 (28. Qxb7 $2 {is the wrong capture.} Nc7 $19) 28... Kf6 29. Rg1 (29. Qxb7 $2 {perishes.} d3 $19) 29... Rg8 30. Qh6+ Kf7 31. Bxe6+ Qxe6 32. Rxe6) 1-0